 Dungeon Crawl Stone Soup version 0.32-a0-163-g159c032296 (webtiles) character file.

Game seed: 1302354914883868080

26288 cforsyth the Warrior (level 13, 0/107 HPs)
             Began as a Djinni Hexslinger on Feb 11, 2024.
             Slain by a catoblepas (27 damage)
             ... on level 13 of the Dungeon.
             The game lasted 00:32:56 (13254 turns).

cforsyth the Warrior (Djinni Hexslinger)           Turns: 13254, Time: 00:32:57

Health: 0/107      AC: 12    Str:  7    XL:     13   Next: 57%
Gold:   923        EV:  7    Int: 19    God:
                   SH:  0    Dex: 17

rFire   + + +        (no weapon)
rCold   x . .        (no shield)
rNeg    . . .        K - +1 scale mail "Jangid Syga" {Fly rF+ Regen+}
rPois   ∞            x - +1 helmet
rElec   .            (no cloak)
rCorr   +            k - +2 pair of gloves {hurl}
SInv    .            (boots unavailable)
Will    +....        l - amulet of regeneration Stlth
                     R - ring of resist corrosion
HPRegen 1.97/turn    (no ring)
MPRegen 0.00/turn

%: infuse magic (-1 HP)
@: flying
A: sickness immunity, fire resistance 2, cold vulnerability 1, float, innate
caster, HP casting, extra vitality 1
a: no special abilities


You were on level 13 of the Dungeon.
You visited 1 branch of the dungeon, and saw 13 of its levels.
You also visited: Bailey and Gauntlet.

You collected 949 gold pieces.
You spent 26 gold pieces at shops.


Innate Abilities, Weirdness & Mutations

You are immune to sickness and miasma.
You are immune to poison.
Your flesh is very heat resistant. (rF++)
You are vulnerable to cold. (rC-)
You float through the air rather than walking.
You learn spells naturally, not from books.
Your magical power is your life essence.
You have superior vitality. (+4 MHP)


   Skills:
 + Level 15.0 Fighting
 - Level 1.5 Ranged Weapons
 - Level 2.1 Dodging
 + Level 7.0 Shields
 + Level 11.8 Spellcasting
 + Level 11.8 Conjurations
 + Level 11.8 Hexes
 + Level 11.8 Summonings
 + Level 11.8 Necromancy
 + Level 11.8 Translocations
 + Level 11.8 Fire Magic
 + Level 11.8 Ice Magic
 + Level 11.8 Air Magic
 + Level 11.8 Earth Magic
 + Level 11.8 Alchemy


You knew the following spells:

 Your Spells              Type           Power      Damage    Failure   Level
a - Flame Wave            Conj/Fire      54%        2d13      6%          4
c - Cause Fear            Hex            27%        N/A       6%          4
f - Inner Flame           Hex/Fire       54%        N/A       1%          3
i - Iskenderun's Battles  Conj           54%        2d10      17%         5
l - Summon Lightning Spi  Summ/Air       54%        N/A       6%          4
s - Searing Ray           Conj           100%       2d8       1%          2
w - Stone Arrow           Conj/Erth      100%       3d13      1%          3
z - Summon Small Mammal   Summ           100%       N/A       1%          1
X - Jinxbite              Hex            100%       N/A       1%          2
Y - Sigil of Binding      Hex            54%        N/A       1%          3
Z - Dimensional Bullseye  Hex/Tloc       27%        N/A       6%          4
Your spell library was empty.

Inventory:

Hand Weapons
 a - a +1 sling
Missiles
 c - a throwing net {=f}
Armour
 k - a +2 pair of gloves of hurling (worn)
 x - a +1 helmet (worn)
 G - the +2 leather armour of the Breathing Gods {Fly Str+2 Dex-2 Stlth+}
   (You found it on level 5 of the Dungeon)

   Str+2:     It affects your strength (+2).
   Dex-2:     It affects your dexterity (-2).
   Fly:       It grants you flight.
   Stlth+:    It makes you more stealthy.
 K - the +1 scale mail "Jangid Syga" (worn) {Fly rF+ Regen+}
   (You found it in a Gauntlet)

   rF+:       It protects you from fire.
   Fly:       It grants you flight.
   Regen+:    It increases your rate of health regeneration.
Magical Staves
 d - a staff of conjuration {!a}
 y - a staff of air {!a}
 P - a staff of fire {!a}
Jewellery
 l - an amulet of regeneration (around neck)
 D - a +6 ring of dexterity
 F - a ring of fire
 R - a ring of resist corrosion (left hand)
Wands
 p - a wand of roots (25)
 v - a wand of acid (1)
 w - a wand of digging (8)
 A - a wand of paralysis (4)
 H - a wand of flame (42)
 J - a wand of mindburst (7)
Scrolls
 b - 5 scrolls of poison
 j - 2 scrolls of blinking
 m - 7 scrolls of teleportation {@r2}
 n - 4 scrolls of fear
 s - 4 scrolls of fog
 C - a scroll of enchant weapon
 I - a scroll of immolation
 L - a scroll of butterflies
 N - a scroll of revelation
 Q - a scroll of vulnerability
Potions
 e - a potion of mutation {unknown}
 f - 3 potions of brilliance
 g - a potion of enlightenment {unknown}
 h - 3 potions of curing {@q1}
 i - 2 potions of resistance
 o - 3 potions of lignification
 r - 4 potions of might
 t - 2 potions of ambrosia
 u - a potion of cancellation {unknown}
 z - a potion of berserk rage {!q}
 B - 2 potions of magic {unknown}
 E - a potion of attraction {unknown}
 M - 2 potions of heal wounds {@q2}
Miscellaneous
 q - a phial of floods

Dungeon Overview and Level Annotations

Branches:
Dungeon (13/15)            Temple (0/1) D:7            Lair (0/5) D:9
    Orc (0/2) D:11         Bailey (visited)         Gauntlet (visited)
 Vaults: D:13-14

Altars:
Cheibriados
Fedhas
Gozag
Wu Jian
Zin

Shops:
D:5 [(   D:9 (*   D:12 *

Portals:
Ice
Cave: D:13

Annotations:
D:4 3 runed translucent doors, bakla's ghost, amateur HuEE

..# .# #.# #.# .#
... #.###.#
#.####..?..
#.##...... .
##.##.#.#.### ..
####.....#.#.#.##.#.
#......@<..§........
#...####Y§§..#......
#..§#..§§....#...∩..
###§#§§....y.)......
#.Y..##..#.##.....
###..##..#.# ....
#......... ...
##.....#.#.
#######.#<.


You could see a catoblepas (inner flame) and a meliai (inner flame).


Message History

Casting: Cause Fear (dangerous; 6% risk of failure)
Confirm with . or Enter, or press ? or * to list all spells.
Casting: Cause Fear (dangerous; 6% risk of failure)
Press: ? - help, Dir - look around, f - activate
Okay, then.
Casting: Cause Fear (dangerous; 6% risk of failure)
Confirm with . or Enter, or press ? or * to list all spells.
Aiming: Inner Flame (safe; 1% risk of failure)
Press: ? - help, Dir - move target, f - meliai
Aim: a meliai, wielding a +0 war axe and wearing a +0 robe (petrified, fleeing, chance to affect: 94%)
Your attack snaps the meliai out of its fear.
The meliai is filled with an inner flame.
* * * LOW HITPOINT WARNING * * *
The meliai is no longer petrified.
The meliai calls down the wrath of its god upon you.
Something smites you!
* * * LOW HITPOINT WARNING * * *
The meliai mumbles some strange prayers to its god against you.
Something smites you!
* * * LOW HITPOINT WARNING * * *
Unknown command.
Casting: Inner Flame (safe; 1% risk of failure)
Confirm with . or Enter, or press ? or * to list all spells.
Aiming: Inner Flame (safe; 1% risk of failure)
Press: ? - help, Dir - move target, f - catoblepas, p - meliai
Aim: a catoblepas (chance to affect: 38%)
The catoblepas is filled with an inner flame.
* * * LOW HITPOINT WARNING * * *
The catoblepas gores you!!
You die...

Skill      XL: |  1  2  3  4  5  6  7  8  9 10 11 12 13 |
---------------+----------------------------------------+-----
Spellcasting   | 3 4 5 6 7 8 10 11 | 11.8
Conjurations   | 3 4 5 6 7 8 10 11 | 11.8
Hexes          | 3 4 5 6 7 8 10 11 | 11.8
Summonings     | 3 4 5 6 7 8 10 11 | 11.8
Necromancy     | 3 4 5 6 7 8 10 11 | 11.8
Translocations | 3 4 5 6 7 8 10 11 | 11.8
Fire Magic     | 3 4 5 6 7 8 10 11 | 11.8
Ice Magic      | 3 4 5 6 7 8 10 11 | 11.8
Air Magic      | 3 4 5 6 7 8 10 11 | 11.8
Earth Magic    | 3 4 5 6 7 8 10 11 | 11.8
Alchemy        | 3 4 5 6 7 8 10 11 | 11.8
Fighting       | 2 3 4 6 7 9 11 13 14 15 | 15.0
Shields        | 5 7 |  7.0
Ranged Weapons | |  1.5
Dodging        | |  2.1

Action                     |  1- 3 |  4- 6 |  7- 9 | 10-12 | 13-15 || total
---------------------------+-------+-------+-------+-------+-------++-------
   Fire: Sling             |   113 |   213 |   125 |       |       ||   451
   Cast: Summon Small Mamm |     2 |     3 |       |     4 |       ||     9
         Inner Flame       |       |    19 |    49 |   125 |    17 ||   210
         Searing Ray       |       |     1 |       |       |     1 ||     2
         Stone Arrow       |       |       |    35 |   225 |    74 ||   334
         Cause Fear        |       |       |       |     1 |     3 ||     4
         Summon Lightning  |       |       |       |     1 |     2 ||     3
         Iskenderun's Batt |       |       |       |       |     3 ||     3
  Evoke: Wand              |       |       |       |     2 |       ||     2
    Use: Potion            |       |     1 |       |       |     5 ||     6
         Scroll            |       |       |    11 |     6 |     3 ||    20
 Armour: Robe              |    42 |   100 |    17 |       |       ||   159
         Leather armour    |       |       |    22 |   116 |    36 ||   174
         Scale mail        |       |       |       |       |    33 ||    33
  Dodge: Dodged            |    44 |    62 |    26 |    54 |    15 ||   201

Levels and vault maps discovered:
D:1:      shiori_arrival_maze, layout_rooms,
          shapermc_ecumenical_altar_mp_vishouse
D:2:      layout_loops_ring, minmay_misc_feat_alley, minmay_misc_feat_columns,
          minmay_indecisive_spiral
D:3:      layout_loops_corners, old_standard_altar, hex_tiny, minivault_23,
          uniq_robin
D:4:      minmay_thinvault, layout_gridville, mainiacjoe_overflow_catwalk,
          nicolae_overflow_crystal_walls, gammafunk_ghost_split, uniq_pikel
D:5:      layout_gridville, mainiacjoe_overflow_concentric_impassable,
          serial_shops, nicolae_shop_competitors_out_of_business,
          nicolae_take_the_stairs, dreamdust_princess_corridor, uniq_grinder
D:6:      layout_basic, uniq_eustachio
D:7:      layout_basic, minmay_temple_entry_slanted, enter_bailey_2,
          due_unseen_surprise, uniq_joseph
D:8:      layout_gridville
D:9:      layout_loops_ring, mainiacjoe_overflow_alcove_1,
          nicolae_gozag_zags_fifth_avenue, dpeg_oklobed_lair, serial_shops,
          nicolae_shop_real_fake_doors, bh_walls_and_bars
D:10:     layout_stronghold, nicolae_kikubaaqudgha_miasma_corner,
          nicolae_rank_and_phial
D:11:     layout_roguey, david_orc_1_choice
D:12:     layout_basic, serial_shops, nicolae_stop_n_shop_2,
          gauntlet_entry_generic, minmay_lizard_king
D:13:     layout_basic, portal_ice_cave_entry_imps,
          fedhas_bush_and_centaur_altar

Notes
Turn   | Place    | Note
-------+----------+-------------------------------------------
     0 | D:1      | cforsyth the Djinni Hexslinger began the quest for the Orb.
     0 | D:1      | cforsyth set off with the following spells memorised:
                  | Jinxbite, Sigil of Binding, Inner Flame, Cause Fear,
                  | Dimensional Bullseye.
     0 | D:1      | Reached XP level 1. HP: 17/17 MP: 0/0
   110 | D:1      | Reached XP level 2. HP: 22/22 MP: 0/0
   182 | D:1      | Reached skill level 3 in Spellcasting
   182 | D:1      | Reached skill level 3 in Conjurations
   182 | D:1      | Reached skill level 3 in Hexes
   182 | D:1      | Reached skill level 3 in Summonings
   182 | D:1      | Reached skill level 3 in Necromancy
   182 | D:1      | Reached skill level 3 in Translocations
   182 | D:1      | Reached skill level 3 in Fire Magic
   182 | D:1      | Reached skill level 3 in Ice Magic
   182 | D:1      | Reached skill level 3 in Air Magic
   182 | D:1      | Reached skill level 3 in Earth Magic
   182 | D:1      | Reached skill level 3 in Alchemy
   267 | D:1      | Reached skill level 2 in Fighting
   267 | D:1      | Reached XP level 3. HP: 19/28 MP: 0/0
   267 | D:1      | Learned a level 1 spell: Summon Small Mammal
   534 | D:1      | Found a faded altar of an unknown god.
   914 | D:2      | Reached XP level 4. HP: 34/34 MP: 0/0
  1418 | D:3      | Noticed Robin
  1648 | D:3      | Reached skill level 3 in Fighting
  1965 | D:3      | Reached XP level 5. HP: 40/40 MP: 0/0
  1965 | D:3      | Learned a level 2 spell: Searing Ray
  1990 | D:3      | Found a snail-covered altar of Cheibriados.
  2109 | D:3      | HP: 2/40 [Robin/+2 trident of freezing (4)]
  2111 | D:3      | Killed Robin
  2388 | D:4      | Found a glowing silver altar of Zin.
  2423 | D:4      | Reached skill level 4 in Fighting
  2423 | D:4      | Reached skill level 4 in Spellcasting
  2423 | D:4      | Reached skill level 4 in Conjurations
  2423 | D:4      | Reached skill level 4 in Hexes
  2423 | D:4      | Reached skill level 4 in Summonings
  2423 | D:4      | Reached skill level 4 in Necromancy
  2423 | D:4      | Reached skill level 4 in Translocations
  2423 | D:4      | Reached skill level 4 in Fire Magic
  2423 | D:4      | Reached skill level 4 in Ice Magic
  2423 | D:4      | Reached skill level 4 in Air Magic
  2423 | D:4      | Reached skill level 4 in Earth Magic
  2423 | D:4      | Reached skill level 4 in Alchemy
  2423 | D:4      | Reached XP level 6. HP: 32/47 MP: 0/0
  2448 | D:4      | Found a runed translucent gate.
  2448 | D:4      | Found a runed translucent gate.
  2449 | D:4      | Found a runed translucent gate.
  2457 | D:4      | Noticed bakla's ghost (amateur HuEE)
  2524 | D:4      | Found an ornate altar of the Wu Jian Council.
  3110 | D:4      | Noticed Pikel
  3124 | D:4      | Killed Pikel
  3125 | D:4      | Reached skill level 6 in Fighting
  3125 | D:4      | Reached skill level 5 in Spellcasting
  3125 | D:4      | Reached skill level 5 in Conjurations
  3125 | D:4      | Reached skill level 5 in Hexes
  3125 | D:4      | Reached skill level 5 in Summonings
  3125 | D:4      | Reached skill level 5 in Necromancy
  3125 | D:4      | Reached skill level 5 in Translocations
  3125 | D:4      | Reached skill level 5 in Fire Magic
  3125 | D:4      | Reached skill level 5 in Ice Magic
  3125 | D:4      | Reached skill level 5 in Air Magic
  3125 | D:4      | Reached skill level 5 in Earth Magic
  3125 | D:4      | Reached skill level 5 in Alchemy
  3125 | D:4      | Reached XP level 7. HP: 34/56 MP: 0/0
  3125 | D:4      | Learned a level 3 spell: Stone Arrow
  3125 | D:4      | Reached XP level 8. HP: 37/61 MP: 0/0
  3690 | D:5      | Entered Level 5 of the Dungeon
  3848 | D:5      | Found Ekhlush's Antique Armour Shoppe.
  3957 | D:5      | Reached skill level 7 in Fighting
  3993 | D:5      | Noticed Grinder
  3997 | D:5      | Killed Grinder
  3998 | D:5      | Reached skill level 6 in Spellcasting
  3998 | D:5      | Reached skill level 6 in Conjurations
  3998 | D:5      | Reached skill level 6 in Hexes
  3998 | D:5      | Reached skill level 6 in Summonings
  3998 | D:5      | Reached skill level 6 in Necromancy
  3998 | D:5      | Reached skill level 6 in Translocations
  3998 | D:5      | Reached skill level 6 in Fire Magic
  3998 | D:5      | Reached skill level 6 in Ice Magic
  3998 | D:5      | Reached skill level 6 in Air Magic
  3998 | D:5      | Reached skill level 6 in Earth Magic
  3998 | D:5      | Reached skill level 6 in Alchemy
  4206 | D:5      | Reached XP level 9. HP: 52/68 MP: 0/0
  4206 | D:5      | Learned a level 4 spell: Flame Wave
  4278 | D:5      | Identified the +2 leather armour of the Breathing Gods {Fly
                  | Str+2 Dex-2 Stlth+}
  4303 | D:5      | Found Vauluda's Antique Weapon Shoppe.
  4361 | D:5      | Reached skill level 8 in Fighting
  4821 | D:6      | Noticed Eustachio
  4824 | D:6      | Killed Eustachio
  4860 | D:6      | Reached skill level 7 in Spellcasting
  4860 | D:6      | Reached skill level 7 in Conjurations
  4860 | D:6      | Reached skill level 7 in Hexes
  4860 | D:6      | Reached skill level 7 in Summonings
  4860 | D:6      | Reached skill level 7 in Necromancy
  4860 | D:6      | Reached skill level 7 in Translocations
  4860 | D:6      | Reached skill level 7 in Fire Magic
  4860 | D:6      | Reached skill level 7 in Ice Magic
  4860 | D:6      | Reached skill level 7 in Air Magic
  4860 | D:6      | Reached skill level 7 in Earth Magic
  4860 | D:6      | Reached skill level 7 in Alchemy
  5344 | D:6      | Reached skill level 9 in Fighting
  5626 | D:7      | Identified 2 potions of resistance
  5686 | D:7      | Found a flagged portal.
  5694 | Bailey   | Entered a bailey
  5845 | Bailey   | Reached XP level 10. HP: 74/78 MP: 0/0
  5854 | Bailey   | Noticed an orc knight
  5865 | Bailey   | Noticed an orc knight
  5879 | Bailey   | Killed an orc knight
  5880 | Bailey   | Reached skill level 10 in Fighting
  5880 | Bailey   | Reached skill level 8 in Spellcasting
  5880 | Bailey   | Reached skill level 8 in Conjurations
  5880 | Bailey   | Reached skill level 8 in Hexes
  5880 | Bailey   | Reached skill level 8 in Summonings
  5880 | Bailey   | Reached skill level 8 in Necromancy
  5880 | Bailey   | Reached skill level 8 in Translocations
  5880 | Bailey   | Reached skill level 8 in Fire Magic
  5880 | Bailey   | Reached skill level 8 in Ice Magic
  5880 | Bailey   | Reached skill level 8 in Air Magic
  5880 | Bailey   | Reached skill level 8 in Earth Magic
  5880 | Bailey   | Reached skill level 8 in Alchemy
  5896 | Bailey   | Killed an orc knight
  6456 | D:8      | Reached skill level 11 in Fighting
  6540 | D:8      | Reached XP level 11. HP: 49/87 MP: 0/0
  6540 | D:8      | Learned a level 4 spell: Summon Lightning Spire
  6543 | D:8      | Reached skill level 9 in Spellcasting
  6543 | D:8      | Reached skill level 9 in Conjurations
  6543 | D:8      | Reached skill level 9 in Hexes
  6543 | D:8      | Reached skill level 9 in Summonings
  6543 | D:8      | Reached skill level 9 in Necromancy
  6543 | D:8      | Reached skill level 9 in Translocations
  6543 | D:8      | Reached skill level 9 in Fire Magic
  6543 | D:8      | Reached skill level 9 in Ice Magic
  6543 | D:8      | Reached skill level 9 in Air Magic
  6543 | D:8      | Reached skill level 9 in Earth Magic
  6543 | D:8      | Reached skill level 9 in Alchemy
  6635 | D:7      | Noticed Joseph
  6651 | D:7      | Killed Joseph
  6711 | D:7      | Found a staircase to the Ecumenical Temple.
  7555 | D:9      | Reached skill level 12 in Fighting
  7900 | D:9      | Found Kuetz's Antique Weapon Shop.
  8111 | D:9      | Found an opulent altar of Gozag.
  8119 | D:9      | Found Gozag's Platinum Reserve.
  8292 | D:9      | Found a staircase to the Lair.
  8418 | D:9      | Found a blossoming altar of Fedhas.
  8608 | D:10     | Entered Level 10 of the Dungeon
  8957 | D:10     | Reached skill level 10 in Spellcasting
  8957 | D:10     | Reached skill level 10 in Conjurations
  8957 | D:10     | Reached skill level 10 in Hexes
  8957 | D:10     | Reached skill level 10 in Summonings
  8957 | D:10     | Reached skill level 10 in Necromancy
  8957 | D:10     | Reached skill level 10 in Translocations
  8957 | D:10     | Reached skill level 10 in Fire Magic
  8957 | D:10     | Reached skill level 10 in Ice Magic
  8957 | D:10     | Reached skill level 10 in Air Magic
  8957 | D:10     | Reached skill level 10 in Earth Magic
  8957 | D:10     | Reached skill level 10 in Alchemy
  9079 | D:10     | Identified the +8 trident of Spontaneous Combustion {heavy,
                  | rN+}
  9150 | D:10     | Noticed a two-headed ogre
  9153 | D:10     | Killed a two-headed ogre
  9154 | D:10     | Reached skill level 13 in Fighting
  9246 | D:10     | Noticed a manticore
  9249 | D:10     | Killed a manticore
  9373 | D:10     | Noticed a tengu warrior
  9378 | D:10     | Noticed a tengu warrior
  9405 | D:10     | Killed a tengu warrior
  9406 | D:10     | Reached XP level 12. HP: 77/98 MP: 0/0
  9432 | D:10     | Killed a tengu warrior
  9949 | D:11     | Noticed a two-headed ogre
  9953 | D:11     | Killed a two-headed ogre
  9954 | D:11     | Reached skill level 1 in Shields
 10023 | D:11     | Found a staircase to the Orcish Mines.
 10045 | D:11     | Reached skill level 2 in Shields
 10456 | D:11     | Noticed a boulder beetle
 10737 | D:11     | Killed a boulder beetle
 10738 | D:11     | Reached skill level 3 in Shields
 11082 | D:11     | Reached skill level 11 in Spellcasting
 11082 | D:11     | Reached skill level 11 in Conjurations
 11082 | D:11     | Reached skill level 11 in Hexes
 11082 | D:11     | Reached skill level 11 in Summonings
 11082 | D:11     | Reached skill level 11 in Necromancy
 11082 | D:11     | Reached skill level 11 in Translocations
 11082 | D:11     | Reached skill level 11 in Fire Magic
 11082 | D:11     | Reached skill level 11 in Ice Magic
 11082 | D:11     | Reached skill level 11 in Air Magic
 11082 | D:11     | Reached skill level 11 in Earth Magic
 11082 | D:11     | Reached skill level 11 in Alchemy
 11226 | D:12     | Found Niyphyck's General Store.
 11236 | D:12     | Reached skill level 14 in Fighting
 11236 | D:12     | Reached skill level 4 in Shields
 11248 | D:12     | Bought a scroll of identify for 26 gold pieces
 11406 | D:12     | Found a gate leading to a gauntlet.
 11414 | Gauntlet | Entered a Gauntlet
 11414 | Gauntlet | Found a transporter.
 11425 | Gauntlet | Found a transporter.
 11425 | Gauntlet | Noticed a catoblepas
 11428 | Gauntlet | Found a transporter.
 11429 | Gauntlet | Found a transporter.
 11435 | Gauntlet | Noticed a fire crab
 11437 | Gauntlet | Found a transporter.
 11440 | Gauntlet | Found a transporter.
 11441 | Gauntlet | Found a transporter.
 11443 | Gauntlet | Noticed a five-headed hydra
 11450 | Gauntlet | Found a transporter.
 11453 | Gauntlet | Found a transporter.
 11454 | Gauntlet | Found a transporter.
 11454 | Gauntlet | Noticed a minotaur
 11456 | Gauntlet | Noticed a reaper
 11462 | Gauntlet | Found a transporter.
 11465 | Gauntlet | Found a transporter.
 11466 | Gauntlet | Found a transporter.
 11472 | Gauntlet | Noticed a green death
 11474 | Gauntlet | Found a transporter.
 11682 | Gauntlet | Killed a catoblepas
 11683 | Gauntlet | Reached skill level 5 in Shields
 11683 | Gauntlet | Reached XP level 13. HP: 59/105 MP: 0/0
 11683 | Gauntlet | Learned a level 5 spell: Iskenderun's Battlesphere
 11912 | Gauntlet | Killed a five-headed hydra
 12007 | Gauntlet | Killed a reaper
 12008 | Gauntlet | Reached skill level 6 in Shields
 12037 | Gauntlet | Killed a green death
 12133 | Gauntlet | HP: 5/106 [minotaur/javelin (30)]
 12140 | Gauntlet | Killed a minotaur
 12232 | Gauntlet | Identified the +1 scale mail "Jangid Syga" {Fly rF+ Regen+}
 13201 | D:13     | Noticed a six-headed hydra
 13207 | D:13     | Killed a six-headed hydra
 13220 | D:13     | Found a frozen archway.
 13225 | D:13     | Noticed a catoblepas
 13228 | D:13     | Reached skill level 15 in Fighting
 13228 | D:13     | Reached skill level 7 in Shields
 13254 | D:13     | Slain by a catoblepas

Vanquished Creatures
  A reaper (Gauntlet)
  A minotaur (Gauntlet)
  A green death (Gauntlet)
  2 hydras
  A catoblepas (Gauntlet)
  3 two-headed ogres
  2 tengu warriors (D:10)
  A fire crab (Gauntlet)
  2 orc knights (Bailey)
  Pikel (D:4)
  An ugly thing (D:12)
  A manticore (D:10)
  Joseph (D:7)
  A torpor snail (Gauntlet)
  3 gargoyles
  2 kobold demonologists (D:12)
  4 komodo dragons
  2 trolls
  A merfolk (D:10)
  Grinder (D:5)
  A hornet (D:10)
  5 slime creatures (D:12)
  A vampire (D:11)
  15 yaks
  A wyvern (D:8)
  4 fire bats (Gauntlet)
  2 wraiths (D:12)
  Eustachio (D:6)
  3 wargs (D:11)
  A basilisk (D:12)
  5 water elementals (D:10)
  A steam dragon (D:6)
  4 vampire mosquitoes (D:11)
  3 acid dragons
  A water moccasin (D:9)
  12 orc warriors
  2 black bears (D:6)
  4 lemures (D:4)
  2 ogres (D:5)
  4 centaurs
  A phantom (D:5)
  5 kobold brigands
  2 bullfrogs
  A gnoll sergeant (D:9)
  4 scorpions
  21 wights
  9 killer bees
  5 howler monkeys
  An electric eel (D:10)
  A bombardier beetle (D:4)
  4 hounds
  2 jellies
  2 gnoll boudas
  7 orc priests
  A sleepcap (D:4)
  An iguana (D:4)
  10 orc wizards
  Robin (D:3)
  17 gnolls
  9 adders
  2 shadow imps (Gauntlet)
  13 white imps
  4 ufetubi
  3 dart slugs
  3 ribbon worms
  44 orcs
  8 endoplasms
  3 giant cockroaches
  10 hobgoblins
  5 quokkas
  7 ball pythons
  7 bats
  5 frilled lizards (D:12)
  20 goblins
  27 kobolds
  6 rats
375 creatures vanquished.

Vanquished Creatures (collateral kills)
  A boulder beetle (D:11)
  An orc wizard (D:12)
2 creatures vanquished.

Grand Total: 377 creatures vanquished

Table legend: (Time is in decaauts)
 A = Elapsed time spent in this place.
 B = Non-inter-level travel time spent in this place.
 C = Inter-level travel time spent in this place.
 D = Time resting spent in this place.
 E = Time spent auto-exploring this place.
 F = Levels seen in this place.
 G = Mean time per level.
                   A        B        C        D        E       F      G
               +--------+--------+--------+--------+--------+-----+--------+
         Total |  13405 |  12903 |    502 |   1769 |   8502 |  15 |  893.7 |
       Dungeon |  12191 |  11689 |    502 |   1358 |   8203 |  13 |  937.8 |
        Bailey |    381 |    381 |      0 |     68 |     92 |   1 |  381.0 |
      Gauntlet |    832 |    832 |      0 |    343 |    207 |   1 |  832.0 |
               +--------+--------+--------+--------+--------+-----+--------+

Top non-repeatable levels by time:
     D:4: 1485 daAuts
    D:11: 1331 daAuts
    D:10: 1285 daAuts
    D:12: 1139 daAuts
     D:5: 1075 daAuts
     D:7: 943 daAuts
     D:3: 941 daAuts
     D:6: 900 daAuts
     D:2: 833 daAuts
Gauntlet: 832 daAuts
     D:9: 819 daAuts
     D:8: 784 daAuts
     D:1: 596 daAuts
  Bailey: 381 daAuts
    D:13: 55 daAuts

Table legend:
 A = Non-vault XP
 B = Vault XP
 C = Vault XP percentage of total XP
 D = Non-vault monster count
 E = Vault monster count
 F = Vault count percentage of total count
                 A         B        C        D         E       F
            +---------+---------+-------+---------+---------+-------
      Total |   23002 |   14553 |  38.8 |     266 |     107 |  28.7
            +---------+---------+-------+---------+---------+-------
        D:1 |      35 |       2 |   5.4 |      20 |       2 |   9.1
        D:2 |      31 |      11 |  26.2 |      13 |       5 |  27.8
        D:3 |      82 |      37 |  31.1 |      17 |      12 |  41.4
        D:4 |     281 |     840 |  74.9 |      19 |      17 |  47.2
        D:5 |     781 |     272 |  25.8 |      14 |       1 |   6.7
        D:6 |     787 |     196 |  19.9 |      18 |       1 |   5.3
        D:7 |     643 |     481 |  42.8 |      31 |       1 |   3.1
        D:8 |    2765 |       0 |   0.0 |      33 |       0 |   0.0
        D:9 |    1781 |       0 |   0.0 |      30 |       0 |   0.0
       D:10 |    4722 |    1355 |  22.3 |      22 |       6 |  21.4
       D:11 |    4665 |     887 |  16.0 |      22 |       9 |  29.0
       D:12 |    4727 |     544 |  10.3 |      25 |       7 |  21.9
       D:13 |    1702 |     123 |   6.7 |       2 |      12 |  85.7
     Bailey |       0 |    2153 | 100.0 |       0 |      19 | 100.0
   Gauntlet |       0 |    7652 | 100.0 |       0 |      15 | 100.0
            +---------+---------+-------+---------+---------+-------
